 Dungeon Crawl Stone Soup version 0.31-a0-977-gc230f8ef24 (webtiles) character file.

Game seed: 17686871351606410419

966 Dirtsage the Insei (level 8, -2/54 HPs)
             Began as an Octopode Shapeshifter on Oct 29, 2023.
             Was a Follower of Wu Jian.
             Slain by an ice beast (14 damage)
             ... on level 6 of the Dungeon.
             The game lasted 00:07:17 (3608 turns).

Dirtsage the Insei (Octopode Shapeshifter)          Turns: 3608, Time: 00:07:17

Health: -2/54      AC:  1    Str: 13    XL:     8   Next: 15%
Magic:  6/8        EV: 13    Int: 13    God:    Wu Jian [*.....]
Gold:   326        SH:  0    Dex: 13    Spells: 6/7 levels left

rFire   . .          .
                       - Unarmed
rCold   . . .        (no shield)
rNeg    . . .        (helmet currently unavailable)
rPois   .            (no amulet)
rElec   .            m - ring of willpower
rCorr   .            W - ring of wizardry
SInv    .            w - ring of wizardry
Will    +....        (no ring)
Stlth   ++           (no ring)
HPRegen 0.29/turn    (no ring)
MPRegen 0.11/turn    (no ring)
                     (no ring)

%: wizardry (x2)
@: beast-form
A: beast (slay +3), almost no armour, amphibious, 8 rings, camouflage 1,
gelatinous body 1, (nimble swimmer 1), tentacles
a: Begin Untransformation, Renounce Religion


You were on level 6 of the Dungeon.
You worshipped Wu Jian.
Wu Jian was aware of your devotion.
You were a hulking beast.
You visited 2 branches of the dungeon, and saw 7 of its levels.

You collected 326 gold pieces.

Inventory:

Jewellery
 m - a ring of willpower (left tentacle)
 w - a ring of wizardry (on tentacle)
 W - a ring of wizardry (right tentacle)
Talismans
 b - a beast talisman
 c - a flux talisman
 v - a beast talisman
 z - a blade talisman
Scrolls
 d - 2 scrolls of identify {unknown}
 f - 3 scrolls of teleportation {unknown}
 g - a scroll of fog {unknown}
 n - a scroll of torment {unknown}
 o - a scroll of revelation {unknown}
 p - a scroll of vulnerability {unknown}
 q - a scroll of amnesia {unknown}
 t - 2 scrolls of enchant weapon {unknown}
 u - a scroll of enchant armour {unknown}
 y - a scroll of poison {unknown}
Potions
 a - a potion of lignification
 e - a potion of brilliance {unknown}
 h - a potion of berserk rage {unknown}
 i - a potion of heal wounds {unknown}
 j - 3 potions of degeneration {unknown}
 k - a potion of attraction {unknown}
 l - a potion of enlightenment {unknown}
 r - 2 potions of curing {unknown}
 s - 2 potions of might {unknown}
 x - a potion of invisibility {unknown}


   Skills:
 + Level 3.7 Fighting
 - Level 2.0 Dodging
 * Level 6.2 Unarmed Combat
 + Level 2.9 Summonings
 * Level 5.7 Shapeshifting


You had 6 spell levels left.
You knew the following spells:

 Your Spells              Type           Power      Damage    Failure   Level
a - Summon Small Mammal   Summ           28%        N/A       2%          1

Your spell library contained the following spells:

 Spells                   Type           Power      Damage    Failure   Level
 Apportation              Tloc           0%         N/A       9%          1
 Necrotise                Necr           0%         1d4       9%          1
 Ensorcelled Hibernation  Hex/Ice        0%         N/A       13%         2
 Passwall                 Tmut/Erth      0%         N/A       13%         2
 Scorch                   Fire           0%         2d5       13%         2
 Swiftness                Air            0%         N/A       24%         3
 Flame Wave               Conj/Fire      0%         2d4       58%         4
 Summon Cactus Giant      Summ           3%         N/A       96%         6


Dungeon Overview and Level Annotations

Branches:
Dungeon (6/15)             Temple (1/1) D:6

Altars:
Ashenzari
Cheibriados
Dithmenos
Elyvilon
Fedhas
Gozag
Hepliaklqana
Kikubaaqudgha
Okawaru
Qazlal
Ru
Sif Muna
Wu Jian
Xom
Zin


Innate Abilities, Weirdness & Mutations

You are a hulking beast.
Your limbs bulge with bestial killing power. (Slay +3)
You cannot wear most types of armour.
You are amphibious.
You can wear up to eight rings at the same time.
Your skin changes colour to match your surroundings (Stealth+).
Your rubbery body absorbs attacks. (AC +1, EV +1)
((You are camouflaged when in or above water. (Stealth+)))
You have tentacles for arms and can constrict up to eight enemies at once.


Message History

The Council accepts your kill.
An ice beast comes into view.
You regained 2 hp, and now have 33/54 hp.
Casting: Summon Small Mammal (safe; 2% risk of failure)
Confirm with . or Enter, or press ? or * to list all spells.
You now have 7/8 mp.
Casting: Summon Small Mammal (safe; 2% risk of failure)
Confirm with . or Enter, or press ? or * to list all spells.
Your bat closely misses the ice beast.
You now have 6/8 mp.
You tentacle-slap the ice beast.
The ice beast is lightly wounded.
The ice beast misses you.
Your bat closely misses the ice beast.
You completely miss the ice beast. You tentacle-slap the ice beast.
The ice beast is moderately wounded.
Your bat closely misses the ice beast.
Your rat barely misses the ice beast.
The ice beast closely misses you.
You bludgeon the ice beast!
The ice beast is heavily wounded.
Your rat bites the ice beast but does no damage.
The ice beast hits you. The ice beast freezes you!
You take 13 damage, and have 23/54 hp.
MASSIVE DAMAGE!!
You tentacle-slap the ice beast.
The ice beast is severely wounded.
Your bat hits the ice beast but does no damage.
Your rat bites the ice beast.
The ice beast hits your rat.
Your rat dies!
Your rat's corpse disappears in a puff of smoke!
You closely miss the ice beast.
The ice beast is almost dead.
The ice beast hits you. The ice beast freezes you.
* * * LOW HITPOINT WARNING * * *
Your bat hits the ice beast but does no damage.
You take 9 damage, and have 14/54 hp.
You closely miss the ice beast.
The ice beast is almost dead.
Your bat closely misses the ice beast. x2; The ice beast hits you.
* * * LOW HITPOINT WARNING * * *
The ice beast freezes you!
You die...

##.. ### ##..# #..
##..## ##.. #..##
...# #.## #.. ###.#
##.# #...# #..# #.###
#hb#### ##.######
#Y....####........
####.###.......######
#....# ######..#
#.#### ...## #.#
###.# #.# #.. ..# ...
##.. ##..


You could see an ice beast (ally target) and a friendly bat (summoned).

Vanquished Creatures
  Eustachio (D:6)
  Menkaure (D:6)
  A black bear (D:5)
  2 scorpions
  3 hounds
  A jelly (D:5)
  An orc priest (D:4)
  3 iguanas
  2 orc wizards
  5 adders
  3 gnolls (D:4)
  2 shadow imps
  An ufetubus (D:5)
  A worm (D:3)
  12 orcs
  6 ball pythons
  8 bats
  6 endoplasms
  3 giant cockroaches
  5 goblins
  10 hobgoblins
  5 kobolds
  5 quokkas
  A frilled lizard (D:2)
  5 rats
93 creatures vanquished.

Vanquished Creatures (collateral kills)
  An ogre (D:5)
  A hound (D:4)
  A white imp (D:6)
3 creatures vanquished.

Vanquished Creatures (others)
  A hound (D:5)
  2 iguanas (D:5)
  An orc (D:5)
4 creatures vanquished.

Grand Total: 100 creatures vanquished

Notes
Turn   | Place    | Note
-------+----------+-------------------------------------------
     0 | D:1      | Dirtsage the Octopode Shapeshifter began the quest for the
                  | Orb.
     0 | D:1      | Reached XP level 1. HP: 13/13 MP: 1/1
   110 | D:1      | Reached XP level 2. HP: 16/18 MP: 2/2
   429 | D:2      | Found a faded altar of an unknown god.
   489 | D:2      | Reached XP level 3. HP: 21/23 MP: 3/3
   976 | D:3      | Found an ornate altar of the Wu Jian Council.
   984 | D:3      | Became a worshipper of the Wu Jian Council
  1022 | D:3      | Reached XP level 4. HP: 29/29 MP: 4/4
  1414 | D:3      | Found a faded altar of an unknown god.
  1418 | D:3      | Found a snail-covered altar of Cheibriados.
  1667 | D:4      | Reached skill level 4 in Unarmed Combat
  1776 | D:4      | Learned a level 1 spell: Summon Small Mammal
  1936 | D:4      | Reached XP level 5. HP: 30/34 MP: 5/5
  1976 | D:4      | Found an opulent altar of Gozag.
  2075 | D:4      | Reached * piety under Wu Jian
  2096 | D:4      | Reached skill level 1 in Summonings
  2113 | D:4      | Reached XP level 6. HP: 36/41 MP: 6/6
  2616 | D:5      | Entered Level 5 of the Dungeon
  2707 | D:5      | Found an iron altar of Okawaru.
  2713 | D:5      | Reached skill level 5 in Unarmed Combat
  2824 | D:5      | Reached XP level 7. HP: 36/45 MP: 7/7
  2967 | D:5      | Found a shimmering altar of Xom.
  2991 | D:5      | Reached skill level 5 in Shapeshifting
  3393 | D:6      | Noticed Eustachio
  3399 | D:6      | Killed Eustachio
  3443 | D:6      | Found a staircase to the Ecumenical Temple.
  3449 | D:6      | Reached skill level 6 in Unarmed Combat
  3449 | D:6      | Reached XP level 8. HP: 33/52 MP: 6/8
  3458 | Temple   | Entered the Ecumenical Temple
  3583 | D:6      | Noticed Menkaure
  3588 | D:6      | Killed Menkaure
  3608 | D:6      | Slain by an ice beast

Illustrated notes

Levels and vault maps discovered:
D:1:      minmay_arrival_shattered_statue, layout_rooms
D:2:      layout_rooms, ebering_ecumenical_altar_ruins, minmay_pentomino_t4
D:3:      layout_loops_cross, nzn_wu_jian_contemplation,
          nicolae_overflow_ecumenical_swirl, minmay_distorted
D:4:      layout_basic, mainiacjoe_overflow_boulevard, minmay_fractal_squares_5
D:5:      layout_loops_ring, xom_confusion_cloud, kennysheep_little_box
D:6:      layout_rooms, gammafunk_temple_overflow_elements,
          nicolae_vehumet_altar_sigil, makhleb_grotto_becter,
          minmay_temple_entry_water_ring, minmay_strange_pillars, st_stairs_12,
          uniq_pikel, uniq_menkaure, uniq_blork_the_orc, uniq_eustachio
Temple:   eino_temple_lava

Skill      XL: |  1  2  3  4  5  6  7 |
---------------+----------------------+-----
Fighting       | 2 3 |  3.7
Unarmed Combat | 4 5 6 |  6.2
Shapeshifting  | 4 5 |  5.7
Summonings     | 1 2 |  2.9
Dodging        | |  2.0

Action                     |  1- 3 |  4- 6 |  7- 9 || total
---------------------------+-------+-------+-------++-------
  Melee: Unarmed           |    66 |    93 |    43 ||   202
         Constrict         |    18 |    25 |    10 ||    53
         Tentacles         |    16 |    24 |    13 ||    53
         Punch             |     1 |     2 |     3 ||     6
   Cast: Summon Small Mamm |       |     2 |    11 ||    13
Ability: Lunge             |     1 |    13 |     6 ||    20
   Stab: Sleeping          |     8 |     7 |     1 ||    16
 Armour: Skin              |    18 |    26 |    13 ||    57
  Dodge: Dodged            |    32 |    46 |    14 ||    92

Table legend: (Time is in decaauts)
 A = Elapsed time spent in this place.
 B = Non-inter-level travel time spent in this place.
 C = Inter-level travel time spent in this place.
 D = Time resting spent in this place.
 E = Time spent auto-exploring this place.
 F = Levels seen in this place.
 G = Mean time per level.
                   A        B        C        D        E       F      G
               +--------+--------+--------+--------+--------+-----+--------+
         Total |   3592 |   3412 |    180 |     54 |   2676 |   7 |  513.1 |
       Dungeon |   3590 |   3410 |    180 |     54 |   2676 |   6 |  598.3 |
        Temple |      1 |      1 |      0 |      0 |      0 |   1 |    1.0 |
               +--------+--------+--------+--------+--------+-----+--------+

Top non-repeatable levels by time:
     D:4: 1043 daAuts
     D:5: 773 daAuts
     D:3: 736 daAuts
     D:2: 437 daAuts
     D:1: 388 daAuts
     D:6: 211 daAuts
  Temple: 1 daAuts
